 Dungeon Crawl Stone Soup version 0.21.1-1-g345015fe64 (webtiles) character file.

68 Gargoyl the Skirmisher (level 4, -1/38 HPs)
             Began as a Centaur Abyssal Knight on June 6, 2018.
             Was a Follower of Lugonu.
             Slain by an adder (2 damage)
             ... on level 3 of the Dungeon on June 7, 2018.
             The game lasted 00:04:32 (2255 turns).

Gargoyl the Skirmisher (Centaur Abyssal Knight)     Turns: 2255, Time: 00:04:32

Health: -1/38      AC:  5    Str: 14    XL:     4   Next: 1%
Magic:  0/5        EV:  9    Int: 11    God:    Lugonu [*.....]
Gold:   137        SH:  0    Dex: 10    Spells: 3/3 levels left

rFire    . . .     SeeInvis .   i - -3 short sword (curse)
rCold    . . .     Gourm    .   (no shield)
rNeg     . . .     Faith    .   f - +0 leather armour (curse)
rPois    .         Spirit   +   (no helmet)
rElec    .         Reflect  .   (no cloak)
rCorr    .         Harm     .   h - +0 pair of gloves
MR       .....                  (no barding)
Stlth    ..........             b - amulet of guardian spirit
HPRegen  0.12/turn              (no ring)
MPRegen  0.09/turn              (no ring)

@: lethally poisoned (-1 -> -4), very quick
A: large, hooves 3, deformed body, speed 2, tough skin 3
a: Depart the Abyss, Renounce Religion


You were on level 3 of the Dungeon.
You worshipped Lugonu.
Lugonu was aware of your devotion.
You were very hungry.

You visited 1 branch of the dungeon, and saw 3 of its levels.
You visited the Abyss 1 time.

You collected 137 gold pieces.

Inventory:

Hand Weapons
 a - a +3 hand axe
 i - a cursed -3 short sword (weapon)
Missiles
 e - 6 tomahawks (quivered)
Armour
 f - a cursed +0 leather armour (worn)
 g - a +0 ring mail
 h - a +0 pair of gloves (worn)
Jewellery
 b - an amulet of guardian spirit (around neck)
Potions
 d - a potion of lignification {unknown}
 j - a potion of degeneration {unknown}
Comestibles
 c - 2 rations


   Skills:
 + Level 3.4 Fighting
 + Level 0.3 Short Blades
 + Level 2.4 Axes
 * Level 2.1 Armour
 + Level 1.0 Dodging
 * Level 2.3 Invocations


You had 3 spell levels left.
You didn't know any spells.

Dungeon Overview and Level Annotations

Branches:
Dungeon (2/15)

Altars:
Sif Muna
Uskayaw

Annotations:
D:3 HypnoRock's ghost, amateur TeCj; Robin


Innate Abilities, Weirdness & Mutations

You have hooves in place of feet.
Armour fits poorly on your strangely shaped body.
You cover ground very quickly.
You have extremely tough skin. (AC +3)


Message History

* * * LOW HITPOINT WARNING * * *
The jackal bites you but does no damage.
You closely miss the orc.
You kill the orc!
Lugonu accepts your kill.
You have reached level 4!
You feel agile. The adder bites you but does no damage.
The goblin barely misses you.
The jackal closely misses you. x2; The adder bites you.
* * * LOW HITPOINT WARNING * * *
You are poisoned.
The adder poisons you!
A goblin comes into view. It is wielding a club.
The goblin shouts!
You hit the goblin but do no damage. Your kick misses the goblin.
* * * LOW HITPOINT WARNING * * *
You feel sick. The jackal closely misses you. The jackal bites you.
* * * LOW HITPOINT WARNING * * *
The goblin hits you but does no damage. x2; The adder bites you.
You die...

...##≈≈≈≈≈###..#
......#######....#
..g..............#
.................#
....g.g.......!..#
....ggoo.........#
....ggolos.......#
..##oWhhSg.......#
....ggg@gg.#######
..##########


You could see Robin, an orc wizard, HypnoRock's ghost, an adder, 4 orcs, a
leopard gecko, 2 jackals, a giant cockroach, 3 hobgoblins and 9 goblins.

Vanquished Creatures
  An adder (D:2)
  An ooze (D:1)
  2 worms (D:2)
  2 dart slugs (D:1)
  2 orcs (D:3)
  9 goblins
  6 jackals
  2 kobolds (D:1)
  A quokka (D:2)
  3 ball pythons
  6 bats
  A frilled lizard (D:1)
  5 rats
41 creatures vanquished.

Vanquished Creatures (others)
  A lurking horror (Abyss:1)
1 creature vanquished.

Grand Total: 42 creatures vanquished

Notes
Turn   | Place    | Note
-------+----------+-------------------------------------------
     0 | Abyss:1  | Gargoyl the Centaur Abyssal Knight began the quest for the Orb.
     0 | Abyss:1  | Reached XP level 1. HP: 19/19 MP: 2/2
    45 | Abyss:1  | Noticed an iron imp
    47 | Abyss:1  | Noticed a small abomination
    47 | Abyss:1  | Noticed a large abomination
   118 | Abyss:1  | Noticed a starcursed mass
   121 | Abyss:1  | Noticed a small abomination
   153 | D:1      | Escaped the Abyss
   768 | D:1      | Reached XP level 2. HP: 22/26 MP: 3/3
   799 | D:1      | Reached * piety under Lugonu
  1336 | D:1      | Reached XP level 3. HP: 31/31 MP: 4/4
  1886 | D:2      | Found a hide-covered altar of Uskayaw.
  1889 | D:2      | Noticed a dagger
  1889 | D:2      | Noticed a dagger
  2025 | D:2      | You fall through a shaft!
  2212 | D:3      | Noticed HypnoRock's ghost (amateur TeCj)
  2216 | D:3      | Found a deep blue altar of Sif Muna.
  2247 | D:3      | Noticed Robin
  2248 | D:3      | Reached skill level 1 in Dodging
  2254 | D:3      | Reached XP level 4. HP: 6/38 MP: 0/5
  2255 | D:3      | HP: 1/38 [jackal (3)]
  2255 | D:3      | Slain by an adder

Skill      XL: |  1  2  3 |
---------------+----------+-----
Axes           | 2 |  2.4
Armour         | 2 |  2.1
Dodging        | 1 |  1.0
Fighting       | |  3.4
Short Blades   | |  0.3
Invocations    | |  2.3

Action                   |  1- 3 |  4- 6 || total
-------------------------+-------+-------++-------
Melee: Hand axe          |    59 |       ||    59
       Kick              |    22 |       ||    22
       Short sword       |    59 |     1 ||    60
Invok: Depart the Abyss  |     1 |       ||     1
  Use: Scroll            |     7 |       ||     7
  Eat: Chunk             |     2 |       ||     2
Armor: Leather armour    |   108 |     2 ||   110
Dodge: Dodged            |   109 |     4 ||   113
